 Dungeon Crawl Stone Soup version 0.27-a0-1188-g73eefd5def (webtiles) character file.

Game seed: 7732567171397491260

6213 mordus the Severer (level 10, -7/77 HPs)
             Began as a Minotaur Berserker on May 21, 2021.
             Was a Priest of Trog.
             Mangled by a yak (12 damage)
             ... on level 7 of the Dungeon.
             The game lasted 00:18:19 (8466 turns).

mordus the Severer (Minotaur Berserker)             Turns: 8466, Time: 00:18:20

Health: -7/77      AC: 10    Str: 25    XL:     10   Next: 61%
Magic:  9/9        EV: 12    Int:  4    God:    Trog [***...]
Gold:   82         SH:  0    Dex: 16    Spells: 9/9 levels left

rFire    + . .     SeeInvis .   C - +2 war axe of Quohas {flame, rPois}
rCold    . . .     Faith    .   (no shield)
rNeg     . . .     Spirit   .   B - +0 steam dragon scales
rPois    +         Reflect  .   (helmet restricted)
rElec    .         Harm     .   (no cloak)
rCorr    .         Rampage  .   D - +0 pair of gloves
Will     .....                  l - +0 pair of boots
Stlth    +.........             (no amulet)
HPRegen  0.22/turn              g - ring of protection from fire
MPRegen  0.11/turn              y - +6 ring of dexterity

@: no status effects
A: horns 2, retaliatory headbutt
a: Renounce Religion, Berserk, Trog's Hand


You were on level 7 of the Dungeon.
You worshipped Trog.
Trog was most pleased with you.
You visited 1 branch of the dungeon, and saw 8 of its levels.
You also visited: Ossuary.

You collected 439 gold pieces.
You spent 357 gold pieces at shops.

Inventory:

Hand Weapons
 a - a +0 hand axe
 C - the +2 war axe of Quohas (weapon) {flame, rPois}
   (You bought it in a shop on level 7 of the Dungeon)

   It has been specially enchanted to burn those struck by it, causing extra
   injury to most foes and up to half again as much damage against particularly
   susceptible opponents.
   Big, fiery blades are also staple armaments of hydra-hunters.
   It protects you from poison.
Armour
 l - a +0 pair of boots (worn)
 v - a +0 scale mail
 B - +0 steam dragon scales (worn)
 D - a +0 pair of gloves (worn)
Jewellery
 c - an amulet of magic regeneration
 g - a ring of protection from fire (left hand)
 m - a ring of positive energy
 x - a ring of protection from fire
 y - a +6 ring of dexterity (right hand)
Wands
 u - a wand of iceblast (9)
Scrolls
 b - 2 scrolls of noise {unknown}
 d - 7 scrolls of identify {unknown}
 f - 2 scrolls of immolation {unknown}
 h - a scroll of enchant armour {unknown}
 i - a scroll of acquirement {unknown}
 j - 5 scrolls of teleportation {unknown}
 o - a scroll of holy word {unknown}
 p - 4 scrolls of fog {unknown}
 q - 4 scrolls of fear {unknown}
 w - 2 scrolls of enchant weapon {unknown}
 E - 3 scrolls of torment {unknown}
 F - a scroll of vulnerability {unknown}
Potions
 e - a potion of lignification {unknown}
 k - 2 potions of magic
 n - 3 potions of might {unknown}
 r - 2 potions of invisibility {unknown}
 s - a potion of ambrosia {unknown}
 t - a potion of cancellation {unknown}
 z - 3 potions of flight {unknown}
 A - 2 potions of attraction {unknown}
 G - 2 potions of curing
 H - a potion of haste {unknown}
 I - a potion of degeneration {unknown}


   Skills:
 - Level 3.6 Fighting
 * Level 15.2 Axes
 + Level 11.2 Armour
 - Level 2.1 Dodging


You had 9 spell levels left.
You didn't know any spells.
Your spell library contained the following spells:

 Spells                   Type           Power      Damage    Failure   Level
 Corona                   Hex            0%         N/A       50%         1
 Freeze                   Ice            0%         1d3       50%         1
 Poisonous Vapours        Pois/Air       0%         N/A       65%         2
 Slow                     Hex            0%         N/A       65%         2
 Frozen Ramparts          Ice            0%         1d2       86%         3
 Ozocubu's Armour         Ice            0%         N/A       86%         3
 Cause Fear               Hex            0%         N/A       99%         4
 Hailstorm                Conj/Ice       0%         3d3       99%         4
 Alistair's Intoxication  Tmut/Pois      0%         N/A       100%        5
 Metabolic Englaciation   Hex/Ice        0%         N/A       100%        5


Dungeon Overview and Level Annotations

Branches:
Dungeon (8/15)             Temple (0/1) D:7         Ossuary (visited)
   Lair: D:8-11

Altars:
Dithmenos

Shops:
D:7 *

Annotations:
D:5 1 runed translucent door, Crazy Yiuf


Innate Abilities, Weirdness & Mutations

You have a pair of horns on your head.
You reflexively headbutt those who attack you in melee.


Message History

The gnoll closely misses you. The gnoll hits you with a +0 halberd.
* * * LOW HITPOINT WARNING * * *
Items here: )))))) [[ †††.
You slice the gnoll!! You burn the gnoll.
You kill the gnoll!
Trog accepts your kill.
You hear a bellow!
A gnoll sergeant comes into view. It is wielding a +0 spear.
You hear a bellow!
You slash the yak! You burn the yak. You headbutt the yak.
The yak is severely wounded.
You hear a shout!
You slash the yak! You burn the yak.
The yak is almost dead.
The yak gores you.
* * * LOW HITPOINT WARNING * * *
The yak closely misses you. You furiously retaliate!
You headbutt the yak.
You kill the yak!
Trog accepts your kill.
Things that are here:
a +0 halberd; a gnoll corpse You slash the yak!
You burn the yak.
The yak is moderately wounded.
Your skin stops crawling.
You feel less strong-willed. The yak gores you!
* * * LOW HITPOINT WARNING * * *
You hit the yak. You burn the yak. Your headbutt misses the yak.
The yak is heavily wounded.
The yak gores you!
* * * LOW HITPOINT WARNING * * *
Items here: )))))) [[ †††.
There is a stone staircase leading up here.
The yak misses you.
You climb upwards.
There is a stone staircase leading down here.
You hit the yak but do no damage. You headbutt the yak.
The yak is heavily wounded.
The yak gores you!
You die...

#..#
#.........###
#.##
#......>..###
#.#
#............
#.#
#..[......##.
#.#
#########.##.
##.## #.###
#...# #.# #
#...# #.# #
#..@# #.# #
#.Y.# #.# #
#...## #.###
#....# #.##.
#..>.#
######....
#....#
#......#..
####.##
#.####.#.#
#..#####.#
#...#
###.......#
##..##


You could see a yak.

Vanquished Creatures
  A two-headed ogre (D:5)
  A centaur zombie (D:7)
  Maggie (D:7)
  Grinder (D:6)
  Prince Ribbit (D:5)
  A shadow (D:7)
  2 yaks (D:8)
  Eustachio (D:6)
  2 steam dragons (D:8)
  2 water moccasins (D:5)
  An orc warrior (D:8)
  A sky beast (D:6)
  A black bear (D:5)
  An ice beast (D:8)
  A necrophage (D:5)
  5 ogres
  4 phantoms
  3 kobold brigands (D:8)
  3 bullfrogs
  A water moccasin zombie (D:5)
  9 scorpions
  A gnoll sergeant (D:5)
  7 wights
  6 killer bees
  4 jellies
  3 hounds
  An orc priest (D:8)
  A bullfrog skeleton (D:6)
  A centaur skeleton (D:6)
  2 iguanas (D:5)
  2 orc wizards
  Ijyb (D:5)
  A killer bee zombie (D:8)
  3 mummies (Ossuary)
  9 gnolls
  A howler monkey skeleton (D:6)
  8 adders
  A shadow imp (D:5)
  A white imp (D:8)
  An ufetubus (D:6)
  6 adder zombies (Ossuary)
  An adder skeleton (D:4)
  A worm (D:4)
  A dart slug (D:5)
  17 orcs
  6 endoplasms
  8 giant cockroaches
  4 goblins
  10 hobgoblins
  2 jackals (D:5)
  3 quokkas
  6 ball pythons
  2 frilled lizards (D:2)
  2 goblin zombies (Ossuary)
  7 kobolds
  3 kobold zombies (Ossuary)
  6 quokka zombies (Ossuary)
  6 rats
  A rat zombie (Ossuary)
  A butterfly (D:7)
190 creatures vanquished.

Notes
Turn   | Place    | Note
-------+----------+-------------------------------------------
     0 | D:1      | mordus the Minotaur Berserker began the quest for the Orb.
     0 | D:1      | Reached XP level 1. HP: 19/19 MP: 0/0
   336 | D:1      | Reached skill level 4 in Axes
   417 | D:1      | Reached XP level 2. HP: 19/26 MP: 1/1
  1198 | D:2      | Reached XP level 3. HP: 22/31 MP: 2/2
  1498 | D:2      | Reached skill level 5 in Axes
  1707 | D:2      | Reached XP level 4. HP: 35/39 MP: 3/3
  1975 | D:2      | Reached ** piety under Trog
  2152 | D:3      | Found a faded altar of an unknown god.
  2829 | D:4      | Noticed a phantom
  2852 | D:4      | Killed a phantom
  2853 | D:4      | Reached skill level 6 in Axes
  2853 | D:4      | Reached XP level 5. HP: 19/45 MP: 4/4
  3058 | D:4      | Noticed an ogre
  3061 | D:4      | Killed an ogre
  3248 | D:4      | Reached skill level 7 in Axes
  3248 | D:4      | Reached XP level 6. HP: 51/51 MP: 5/5
  3415 | D:4      | Reached skill level 5 in Armour
  3722 | D:5      | Entered Level 5 of the Dungeon
  3749 | D:5      | Reached skill level 8 in Axes
  3749 | D:5      | Reached XP level 7. HP: 52/57 MP: 6/6
  3862 | D:5      | Noticed a two-headed ogre
  3874 | D:5      | Killed a two-headed ogre
  3875 | D:5      | Reached skill level 10 in Axes
  3875 | D:5      | Reached XP level 8. HP: 24/64 MP: 7/7
  4430 | D:5      | Noticed Prince Ribbit
  4498 | D:5      | Killed Prince Ribbit
  4499 | D:5      | Reached skill level 11 in Axes
  4741 | D:5      | Noticed Ijyb
  4762 | D:5      | Killed Ijyb
  5232 | D:5      | Reached XP level 9. HP: 61/70 MP: 8/8
  5363 | D:5      | Reached skill level 12 in Axes
  5628 | D:5      | Found a runed translucent door.
  5629 | D:5      | Noticed Crazy Yiuf
  5970 | D:6      | Noticed Eustachio
  6289 | D:6      | Killed Eustachio
  6677 | D:6      | Noticed Grinder
  6687 | D:6      | Killed Grinder
  6688 | D:6      | Reached skill level 13 in Axes
  6924 | D:6      | Identified the Catalogue of Enchanting Contamination
  7239 | D:7      | Noticed Maggie
  7253 | D:7      | Reached skill level 10 in Armour
  7255 | D:7      | Killed Maggie
  7403 | D:7      | Found a staircase to the Ecumenical Temple.
  7404 | D:7      | Found Jualeine's Mayhem Merchandise.
  7517 | D:7      | Bought the +2 war axe of Quohas {flame, rPois} for 357 gold
                  | pieces
  7558 | D:7      | Reached XP level 10. HP: 77/77 MP: 9/9
  7725 | D:7      | Found a runed translucent door.
  7731 | D:7      | Found a runed translucent door.
  7743 | D:7      | Reached skill level 14 in Axes
  7839 | D:7      | Reached *** piety under Trog
  7869 | D:7      | Found a shadowy altar of Dithmenos.
  8133 | D:8      | Found a sand-covered staircase.
  8138 | Ossuary  | Entered an ossuary
  8392 | D:8      | Reached skill level 15 in Axes
  8448 | D:8      | HP: 1/77 [yak (8)]
  8466 | D:7      | Mangled by a yak

Illustrated notes

Levels and vault maps discovered:
D:1:      lightli_arrival_statue_moat, layout_loops_corners
D:2:      layout_basic
D:3:      layout_basic, chequers_ecumenical_altar_simple_redux
D:4:      kennysheep_spiral_hall, layout_basic
D:5:      minmay_angry_zag, layout_basic, uniq_prince_ribbit1, uniq_ijyb,
          uniq_crazy_yiuf_cottage
D:6:      layout_cave_pools, uniq_eustachio, uniq_grinder
D:7:      lemuel_insect_pit, layout_rooms, lemuel_round_altar, temple_statues,
          minmay_shop_mayhem, uniq_maggie
D:8:      layout_loops_ring, enter_ossuary_2, gammafunk_ghost_split,
          minmay_fractal_squares_diagonal_5

Skill      XL: |  1  2  3  4  5  6  7  8  9 10 |
---------------+-------------------------------+-----
Axes           | 4 5 6 7 8 10 11 13 15 | 15.2
Armour         | 3 4 5 7 8 10 11 | 11.2
Fighting       | |  3.6
Dodging        | |  2.1

Action                   |  1- 3 |  4- 6 |  7- 9 | 10-12 || total
-------------------------+-------+-------+-------+-------++-------
Melee: Hand axe          |    68 |    90 |   214 |       ||   372
       Headbutt          |    11 |    24 |    51 |    37 ||   123
       War axe           |       |       |    55 |   136 ||   191
Invok: Trog's Hand       |       |     2 |     7 |     4 ||    13
       Berserk           |       |       |     2 |       ||     2
  Use: Potion            |       |       |     3 |       ||     3
Armor: Ring mail         |    22 |    25 |    19 |       ||    66
       Scale mail        |       |       |    80 |       ||    80
       Steam dragon scal |       |       |     2 |    52 ||    54
Dodge: Dodged            |    29 |    60 |   134 |    73 ||   296

Table legend: (Time is in decaauts)
 A = Elapsed time spent in this place.
 B = Non-inter-level travel time spent in this place.
 C = Inter-level travel time spent in this place.
 D = Time resting spent in this place.
 E = Time spent auto-exploring this place.
 F = Levels seen in this place.
 G = Mean time per level.
                   A        B        C        D        E       F      G
               +--------+--------+--------+--------+--------+-----+--------+
         Total |   8391 |   8138 |    253 |   1096 |   5629 |   9 |  932.3 |
       Dungeon |   8215 |   7962 |    253 |   1096 |   5567 |   8 | 1026.9 |
       Ossuary |    175 |    175 |      0 |      0 |     62 |   1 |  175.0 |
               +--------+--------+--------+--------+--------+-----+--------+

Top non-repeatable levels by time:
     D:5: 2332 daAuts
     D:6: 1248 daAuts
     D:1: 1101 daAuts
     D:2: 962 daAuts
     D:4: 920 daAuts
     D:3: 740 daAuts
     D:7: 735 daAuts
 Ossuary: 175 daAuts
     D:8: 175 daAuts
